 Dungeon Crawl Stone Soup version 0.31-a0-986-g5e6e4ef867 (webtiles) character file.

Game seed: 8080928750418717167

561 pupster the Ruffian (level 7, -4/52 HPs)
             Began as a Gnoll Shapeshifter on Nov 14, 2023.
             Slain by a yak (11 damage)
             ... on level 5 of the Dungeon.
             The game lasted 00:54:35 (3342 turns).

pupster the Ruffian (Gnoll Shapeshifter)            Turns: 3342, Time: 00:54:36

Health: -4/52      AC: 12    Str: 15    XL:     7   Next: 31%
Magic:  10/10      EV:  5    Int:  9    God:
Gold:   1310       SH:  5    Dex: 12    Spells: 10/10 levels left

rFire   . . .        A - +0 halberd
rCold   . . .        (shield currently unavailable)
rNeg    . . .        v - +1 plate armour
rPois   .            (helmet currently unavailable)
rElec   .            (cloak currently unavailable)
rCorr   .            (gloves currently unavailable)
SInv    +            (boots currently unavailable)
Will    .....        J - amulet of reflection Stlth
                     y - ring of see invisible
HPRegen 0.28/turn    (no ring)
MPRegen 0.12/turn

%: reflection
@: beast-form
A: beast (slay +3), fangs 1, strong nose, distributed training
a: Begin Untransformation


You were on level 5 of the Dungeon.
You were a hulking beast.
You visited 1 branch of the dungeon, and saw 5 of its levels.

You collected 1352 gold pieces.
You spent 42 gold pieces at shops.

Inventory:

Hand Weapons
 g - a +0 quarterstaff
 i - a +1 short sword of holy wrath
 j - a +0 whip
 l - a +0 flail
 n - a +0 dagger
 p - a +0 club
 s - a +0 short sword
 x - a +0 sling
 z - a +0 short sword
 A - a +0 halberd (weapon)
 B - a +0 flail
 D - a +0 spear
 E - a +0 falchion
 G - a +0 mace
 I - a +0 hand axe
 N - a +0 long sword
Missiles
 C - 19 stones
 K - 4 javelins (quivered)
Armour
 a - a +0 animal skin
 e - a +0 chain mail
 f - a +0 leather armour
 h - a +0 robe
 t - a +0 robe
 v - a +1 plate armour (worn)
 H - a +0 buckler
Jewellery
 y - a ring of see invisible (left hand)
 J - an amulet of reflection (around neck)
Talismans
 c - a beast talisman (active)
 d - a flux talisman
Wands
 F - a wand of charming (10)
Scrolls
 k - a scroll of identify
 m - a scroll of immolation
 r - 2 scrolls of vulnerability
 P - a scroll of revelation
Potions
 b - a potion of lignification
 o - a potion of mutation
 q - 2 potions of degeneration
 u - a potion of magic
 w - 3 potions of curing
 L - a potion of heal wounds
 M - a potion of might


   Skills:
 + Level 3.6 Fighting
 + Level 2.4 Short Blades
 + Level 2.4 Long Blades
 + Level 2.4 Axes
 + Level 2.4 Maces & Flails
 + Level 2.4 Polearms
 + Level 2.4 Staves
 + Level 2.4 Ranged Weapons
 + Level 2.4 Throwing
 + Level 2.4 Armour
 + Level 5.2 Dodging
 + Level 2.4 Stealth
 + Level 2.4 Shields
 + Level 7.0 Unarmed Combat
 + Level 2.4 Spellcasting
 + Level 2.0 Conjurations
 + Level 2.0 Hexes
 + Level 2.0 Summonings
 + Level 2.0 Necromancy
 + Level 2.0 Translocations
 + Level 2.0 Transmutations
 + Level 2.0 Fire Magic
 + Level 2.0 Ice Magic
 + Level 2.0 Air Magic
 + Level 2.0 Earth Magic
 + Level 2.0 Poison Magic
 + Level 2.7 Invocations
 + Level 2.4 Evocations
 + Level 6.9 Shapeshifting


You had 10 spell levels left.
You didn't know any spells.
Your spell library contained the following spells:

 Spells                   Type           Power      Damage    Failure   Level
 Apportation              Tloc           8%         N/A       100%        1
 Necrotise                Necr           16%        1d4       100%        1
 Summon Small Mammal      Summ           16%        N/A       100%        1
 Cigotuvi's Dreadful Rot  Necr/Pois/Air  8%         N/A       100%        2
 Ignite Poison            Fire/Tmut/Pois 4%         N/A       100%        3
 Freezing Cloud           Conj/Ice/Air   2%         6-21      100%        5


Dungeon Overview and Level Annotations

Branches:
Dungeon (5/15)
 Temple: D:4-7

Altars:
Xom

Shops:
D:2 !?:(=


Innate Abilities, Weirdness & Mutations

You are a hulking beast.
Your limbs bulge with bestial killing power. (Slay +3)
You have very sharp teeth.
Your uncanny sense of smell can sniff out nearby items.
Your experience applies equally to all skills.


Message History

The yak is severely wounded.
The yak gores you! The yak gores you but does no damage.
The yak attacks as it pursues you! The yak barely misses you.
As you read the scroll of teleportation, it crumbles to dust.
You feel strangely unstable. You block the yak's attack.
You closely miss the yak. You bite the yak.
The yak is severely wounded.
You puncture the yak! You bite the yak, but do no damage.
The yak is moderately wounded.
Your surroundings suddenly seem different.
There is a stone staircase leading down here.
You see here a +0 robe.
You now have 1310 gold pieces (gained 13).
Found a long sword.
You see here a +0 long sword.
N - a +0 long sword The yak bellows!
You hear a bellow!
You barely miss the yak. The yak gores you!
The yak bellows!
You hit the yak.
The yak is lightly wounded.
The yak gores you but does no damage. x2
You barely miss the yak.
The yak is lightly wounded.
The yak gores you! The yak gores you.
The yak bellows!
The yak bellows!
You hit the yak.
The yak is moderately wounded.
The yak gores you!
You slash the yak!
The yak is heavily wounded.
The yak gores you! You block the yak's attack.
You barely miss the yak.
The yak is heavily wounded.
The yak gores you!
* * * LOW HITPOINT WARNING * * *
As you read the scroll of fog, it dissolves into smoke.
The yak gores you!
You die...

.............#..........# #
#..............###.###..# #
.......##.#..#.# #.#....## #
.......#....Y..###.#.....# #
#......#.###.Y.....#.....## #
................#####.....####
# #.....#.###.##YY# ###......#
# #...........###Y# #......+ #
...#.#.#.##### #h######......#
# .....#....# #§§§...#......##
# ###.#.#....#
#§§§.#.#......##.# #...+....#
#....#.#......##.. #...#....#
#....#.....#####.# #.###)...#
#)...#...........# #........#
#....#..#####.#.## #........#
#....#.[..###.#... #........#
###.............##


You could see 3 yaks.

Vanquished Creatures
  A black bear (D:4)
  An ogre (D:5)
  A scorpion (D:5)
  A howler monkey (D:5)
  3 hounds (D:5)
  7 gnolls
  5 adders
  3 worms
  4 dart slugs
  2 orcs (D:3)
  3 bats
  7 endoplasms
  4 giant cockroaches
  3 goblins
  6 hobgoblins
  3 jackals (D:3)
  3 quokkas
  6 ball pythons
  8 kobolds
  5 rats
76 creatures vanquished.

Notes
Turn   | Place    | Note
-------+----------+-------------------------------------------
     0 | D:1      | pupster the Gnoll Shapeshifter began the quest for the Orb.
     0 | D:1      | Reached XP level 1. HP: 17/17 MP: 1/1
    73 | D:1      | Reached XP level 2. HP: 8/23 MP: 2/2
   480 | D:2      | Reached XP level 3. HP: 28/28 MP: 3/3
   483 | D:2      | Found a shimmering altar of Xom.
   563 | D:2      | Found Zuhudum's Jewellery Shop.
   584 | D:2      | Found Edghoh's Weapon Shop.
   736 | D:2      | Reached skill level 1 in Invocations
   759 | D:2      | Found Ucrurin's Book Shoppe.
   779 | D:2      | Reached skill level 1 in Short Blades
   779 | D:2      | Reached skill level 1 in Long Blades
   779 | D:2      | Reached skill level 1 in Axes
   779 | D:2      | Reached skill level 1 in Maces & Flails
   779 | D:2      | Reached skill level 1 in Polearms
   779 | D:2      | Reached skill level 1 in Staves
   779 | D:2      | Reached skill level 1 in Ranged Weapons
   779 | D:2      | Reached skill level 1 in Throwing
   779 | D:2      | Reached skill level 1 in Armour
   779 | D:2      | Reached skill level 1 in Stealth
   779 | D:2      | Reached skill level 1 in Shields
   779 | D:2      | Reached skill level 1 in Spellcasting
   779 | D:2      | Reached skill level 1 in Evocations
   799 | D:2      | Found Vekkoy's Distillery.
   813 | D:2      | Bought a potion of curing for 42 gold pieces
   873 | D:2      | Reached XP level 4. HP: 34/34 MP: 5/5
   897 | D:2      | Found Hitsun's Magic Scroll Shoppe.
  1340 | D:3      | Reached skill level 1 in Conjurations
  1340 | D:3      | Reached skill level 1 in Hexes
  1340 | D:3      | Reached skill level 1 in Summonings
  1340 | D:3      | Reached skill level 1 in Necromancy
  1340 | D:3      | Reached skill level 1 in Translocations
  1340 | D:3      | Reached skill level 1 in Transmutations
  1340 | D:3      | Reached skill level 1 in Fire Magic
  1340 | D:3      | Reached skill level 1 in Ice Magic
  1340 | D:3      | Reached skill level 1 in Air Magic
  1340 | D:3      | Reached skill level 1 in Earth Magic
  1340 | D:3      | Reached skill level 1 in Poison Magic
  1547 | D:3      | Reached XP level 5. HP: 40/40 MP: 6/6
  2273 | D:4      | Noticed a black bear
  2379 | D:4      | Killed a black bear
  2380 | D:4      | Reached XP level 6. HP: 22/47 MP: 8/8
  2545 | D:4      | Identified 2 scrolls of acquirement
  2546 | D:4      | Acquired 724 gold pieces
  2550 | D:4      | Identified the "Boas" (You acquired it on level 4 of the
                  | Dungeon)
  2550 | D:4      | Acquired 323 gold pieces
  2574 | D:5      | Entered Level 5 of the Dungeon
  2574 | D:5      | Noticed a yak
  2574 | D:5      | Noticed a yak
  2575 | D:5      | Noticed a yak
  2590 | D:5      | Reached skill level 5 in Dodging
  2596 | D:5      | Noticed a yak
  2852 | D:5      | Reached skill level 7 in Unarmed Combat
  2852 | D:5      | Reached XP level 7. HP: 52/52 MP: 10/10
  3184 | D:5      | Noticed a yak
  3342 | D:5      | Slain by a yak

Illustrated notes

Levels and vault maps discovered:
D:1:      lemuel_arrival_rhombus, layout_rooms
D:2:      layout_basic, basic_altar, serial_shops, nicolae_shop_rolled_up,
          nicolae_diamond_shop, shop, nicolae_shop_stone,
          nicolae_shop_pleasant_corner_grove
D:3:      layout_loops_corners
D:4:      layout_cave_pods
D:5:      layout_basic, kennysheep_little_box

Skill      XL: |  1  2  3  4  5  6  7 |
---------------+----------------------+-----
Invocations    | 1 2 |  2.7
Short Blades   | 1 2 |  2.4
Long Blades    | 1 2 |  2.4
Axes           | 1 2 |  2.4
Maces & Flails | 1 2 |  2.4
Polearms       | 1 2 |  2.4
Staves         | 1 2 |  2.4
Ranged Weapons | 1 2 |  2.4
Throwing       | 1 2 |  2.4
Armour         | 1 2 |  2.4
Stealth        | 1 2 |  2.4
Shields        | 1 2 |  2.4
Spellcasting   | 1 2 |  2.4
Evocations     | 1 2 |  2.4
Conjurations   | 1 2 |  2.0
Hexes          | 1 2 |  2.0
Summonings     | 1 2 |  2.0
Necromancy     | 1 2 |  2.0
Translocations | 1 2 |  2.0
Transmutations | 1 2 |  2.0
Fire Magic     | 1 2 |  2.0
Ice Magic      | 1 2 |  2.0
Air Magic      | 1 2 |  2.0
Earth Magic    | 1 2 |  2.0
Poison Magic   | 1 2 |  2.0
Fighting       | 3 |  3.6
Dodging        | 5 |  5.2
Unarmed Combat | 7 |  7.0
Shapeshifting  | |  6.9

Action                     |  1- 3 |  4- 6 |  7- 9 || total
---------------------------+-------+-------+-------++-------
  Melee: Unarmed           |    66 |    50 |       ||   116
         Bite              |     2 |    10 |     7 ||    19
         Halberd           |       |    37 |    38 ||    75
         Punch             |       |     1 |       ||     1
   Fire: Sling             |       |    10 |       ||    10
  Throw: Stone             |     9 |     4 |       ||    13
         Javelin           |       |     2 |       ||     2
Ability: Begin Untransform |       |     2 |       ||     2
    Use: Scroll            |       |    11 |     7 ||    18
         Potion            |       |     1 |       ||     1
 Armour: Chain mail        |    42 |     1 |       ||    43
         Plate armour      |       |   106 |    54 ||   160
  Dodge: Dodged            |    26 |    14 |     9 ||    49
  Block: Other             |       |    10 |    13 ||    23
   Form: Beast             |       |     1 |       ||     1
         Flux              |       |     1 |       ||     1

Table legend: (Time is in decaauts)
 A = Elapsed time spent in this place.
 B = Non-inter-level travel time spent in this place.
 C = Inter-level travel time spent in this place.
 D = Time resting spent in this place.
 E = Time spent auto-exploring this place.
 F = Levels seen in this place.
 G = Mean time per level.
                   A        B        C        D        E       F      G
               +--------+--------+--------+--------+--------+-----+--------+
         Total |   3371 |   1374 |   1997 |      0 |      0 |   5 |  674.2 |
       Dungeon |   3371 |   1374 |   1997 |      0 |      0 |   5 |  674.2 |
               +--------+--------+--------+--------+--------+-----+--------+

Top non-repeatable levels by time:
     D:3: 838 daAuts
     D:2: 761 daAuts
     D:4: 759 daAuts
     D:5: 544 daAuts
     D:1: 467 daAuts
